 Dungeon Crawl Stone Soup version 0.30-a0-424-g7412bad402 (webtiles) character file.

Game seed: 6993415452506201926

77 HoaS the Shooter (level 4, 0/26 HPs)
             Began as a Kobold Hunter on Dec 9, 2022.
             Slain by Terence
             ... wielding a +0 short sword
              (1 damage)
             ... on level 2 of the Dungeon.
             The game lasted 00:02:28 (936 turns).

HoaS the Shooter (Kobold Hunter)                     Turns: 936, Time: 00:02:28

Health: 0/26       AC:  5    Str: 14    XL:     4   Next: 60%
Magic:  4/4        EV: 15    Int: 10    God:
Gold:   117        SH:  0    Dex: 20    Spells: 3/3 levels left

rFire   . . .      SeeInvis .    a - +0 shortbow
rCold   . . .      Faith    .    (shield currently unavailable)
rNeg    . . .      Spirit   .    c - +0 leather armour
rPois   .          Reflect  .    h - +1 helmet
rElec   .          Harm     .    (no cloak)
rCorr   .          Rampage  .    (no gloves)
Will    .....                    (no boots)
Stlth   +++.......               (no amulet)
HPRegen 0.24/turn                e - +6 ring of strength
MPRegen 0.09/turn                (no ring)

@: no status effects
A: small, no large weapons, nightstalker 3
a: no special abilities


You were on level 2 of the Dungeon.
You visited 1 branch of the dungeon, and saw 2 of its levels.

You collected 117 gold pieces.

Inventory:

Hand Weapons
 a - a +0 shortbow (weapon)
Armour
 c - a +0 leather armour (worn)
 h - a +1 helmet (worn)
Jewellery
 e - a +6 ring of strength (left hand)
Scrolls
 b - a scroll of immolation
 i - a scroll of identify {unknown}
Potions
 d - 3 potions of curing {unknown}
 f - a potion of degeneration {unknown}
 g - a potion of lignification {unknown}
 j - a potion of flight {unknown}


   Skills:
 - Level 2.1 Fighting
 + Level 7.5 Ranged Weapons
 - Level 2.4 Dodging
 - Level 1.3 Stealth


You had 3 spell levels left.
You didn't know any spells.
Your spell library was empty.

Dungeon Overview and Level Annotations

Branches:
Dungeon (2/15)

Altars:
Trog

Shops:
D:2 [

Annotations:
D:2 Terence


Innate Abilities, Weirdness & Mutations

You are small and have problems with some larger weapons.
You are completely attuned to the shadows.


Message History

The endoplasm is almost dead.
You hear a shout!
You shoot an arrow. The arrow hits the endoplasm!
You kill the endoplasm!
Terence the Incautious comes into view.
He is wielding a +0 short sword and carrying a wand of roots (10).
You shoot an arrow.
The arrow hits Terence but does no damage.
Terence is nearby!
You shoot an arrow. The arrow hits Terence.
Terence is moderately wounded.
Terence zaps a wand.
The roots erupt in riotous growth!
The grasping roots grab you! The grasping roots constrict you.
You shoot an arrow. The arrow hits Terence.
Terence is moderately wounded.
The grasping roots constrict you.
You shoot an arrow. The arrow barely misses Terence.
The grasping roots constrict you.
The grasping roots release their grip on you.
You shoot an arrow. The arrow closely misses Terence.
Terence zaps a wand.
The roots erupt in riotous growth!
The grasping roots grab you!
Terence is unaffected.
The grasping roots constrict you.
You are too injured to fight recklessly!
Okay, then.
You shoot an arrow. The arrow completely misses Terence.
Terence closely misses you. The grasping roots constrict you.
A worm comes into view.
You shoot an arrow.
The arrow hits Terence but does no damage.
Terence is moderately wounded.
Terence closely misses you. The grasping roots constrict you.
Terence hits you with a +0 short sword.
* * * LOW HITPOINT WARNING * * *
The grasping roots constrict you.
* * * LOW HITPOINT WARNING * * *
The grasping roots release their grip on you.
You shoot an arrow. The arrow closely misses Terence.
Terence hits you with a +0 short sword.
You die...

### ..# ....##....
..# .......#w...
..# ....>...#....
.## .........#@...
..# .........@....
#.# .........#....
#.# ........##....
#.####).......##
.#..
#..........#..#
.###
........##.##.###.#
.#..#)# #.##.)....
.#.#..####.###.....
)).................


You could see Terence and a worm.

Vanquished Creatures
  Robin (D:1)
  2 adders (D:2)
  A dart slug (D:1)
  3 ball pythons (D:2)
  2 bats (D:1)
  4 endoplasms
  A giant cockroach (D:1)
  2 hobgoblins
  3 jackals (D:1)
  2 kobolds (D:1)
  3 quokkas (D:1)
  15 goblins
  6 rats (D:1)
45 creatures vanquished.

Notes
Turn   | Place    | Note
-------+----------+-------------------------------------------
     0 | D:1      | HoaS the Kobold Hunter began the quest for the Orb.
     0 | D:1      | Reached XP level 1. HP: 12/12 MP: 1/1
   115 | D:1      | Reached XP level 2. HP: 17/17 MP: 2/2
   150 | D:1      | Reached skill level 6 in Ranged Weapons
   357 | D:1      | Reached XP level 3. HP: 16/21 MP: 3/3
   594 | D:2      | Found Zurchiw's Armour Emporium.
   632 | D:2      | Noticed Robin
   676 | D:1      | Killed Robin
   677 | D:1      | Reached skill level 7 in Ranged Weapons
   677 | D:1      | Reached XP level 4. HP: 20/26 MP: 4/4
   843 | D:2      | Found a bloodstained altar of Trog.
   928 | D:2      | Noticed Terence
   935 | D:2      | HP: 1/26 [constriction (4)]
   936 | D:2      | Slain by Terence

Illustrated notes

Levels and vault maps discovered:
D:1:      dpeg_arrival_ratfight, layout_rooms
D:2:      layout_rooms, basic_altar, serial_shops, shop_fountains, uniq_robin,
          uniq_terence

Skill      XL: |  1  2  3 |
---------------+----------+-----
Ranged Weapons | 6 7 |  7.5
Fighting       | |  2.1
Dodging        | |  2.4
Stealth        | |  1.3

Action                   |  1- 3 |  4- 6 || total
-------------------------+-------+-------++-------
 Fire: Shortbow          |    83 |    37 ||   120
  Use: Scroll            |       |     1 ||     1
Armor: Leather armour    |    16 |     8 ||    24
Dodge: Dodged            |    47 |    23 ||    70

Table legend: (Time is in decaauts)
 A = Elapsed time spent in this place.
 B = Non-inter-level travel time spent in this place.
 C = Inter-level travel time spent in this place.
 D = Time resting spent in this place.
 E = Time spent auto-exploring this place.
 F = Levels seen in this place.
 G = Mean time per level.
                   A        B        C        D        E       F      G
               +--------+--------+--------+--------+--------+-----+--------+
         Total |    962 |    953 |      9 |     98 |    633 |   2 |  481.0 |
       Dungeon |    962 |    953 |      9 |     98 |    633 |   2 |  481.0 |
               +--------+--------+--------+--------+--------+-----+--------+

Top non-repeatable levels by time:
     D:1: 665 daAuts
     D:2: 297 daAuts
